Map: Apotheosis LE

Players

ShoWTimE

  • Race: Protoss Protoss

uThermal - Winner!

  • Race: Terran Terran
  • League: Diamond

Event: WCS Copa Intercontinental

VOD

https://youtu.be/-F2i0I00yNY

Description

Time

  • Played on: Sept. 11, 2016, 2:11 p.m.
  • Length: 7:18

All games in this series

Show
View Real Time Build Order
Export as new Build Order

ShoWTimE Protoss 

Build Orders: 1 Gate Expand 

Get SALT Encoding   

  12  0:00  Probe (Chrono Boost)  
  13  0:11  Probe (Chrono Boost)  
  14  0:17  Pylon  
  14  0:22  Probe (Chrono Boost)  
  15  0:36  Probe (Chrono Boost)  
  15  0:37  Gateway  
  16  0:42  Assimilator  
  16  0:46  Probe (Chrono Boost)  
  18  0:57  Probe (Chrono Boost)  
  18  1:07  Probe (Chrono Boost)  
  19  1:20  Nexus  
  19  1:24  Probe (Chrono Boost)  
  20  1:32  Cybernetics Core  
  20  1:36  Probe (Chrono Boost)  
  20  1:39  Zealot  
  23  1:49  Pylon  
  23  1:54  Assimilator  
  23  2:10  Mothership Core (Chrono Boost)  
  25  2:20  Stalker  
  25  2:22  Warp Gate  
  27  2:28  Probe (Chrono Boost)  
  28  2:33  Probe (Chrono Boost)  
  29  2:40  Probe (Chrono Boost)  
  29  2:43  Probe (Chrono Boost)  
  31  2:48  Pylon  
  31  2:49  Pylon  
  31  2:52  Stalker, Probe (Chrono Boost)  
  31  2:54  Probe (Chrono Boost)  
  34  3:04  Probe (Chrono Boost)  
  34  3:05  Probe (Chrono Boost)  
  38  3:25  Stalker  
  38  3:26  Gateway  
  36  3:28  Gateway  
  36  3:30  Gateway  
  38  3:35  Pylon  
  38  3:41  Pylon  
  34  3:56  Adept  
  34  4:00  Probe x2 (Chrono Boost)  
  38  4:03  Pylon  
  38  4:12  Pylon  
  38  4:13  Pylon  
  38  4:25  Adept x3  
  44  4:32  Sentry  
  44  4:35  Pylon  
  46  4:42  Pylon  
  46  4:51  Pylon  
  46  5:01  Pylon  
  46  5:07  Pylon  
  46  5:13  Pylon  
  46  5:22  Adept x2  
  46  5:23  Adept x2  
  50  5:43  Stalker x3  
  54  5:50  Adept  
  54  6:13  Adept x4  
  58  6:24  Cybernetics Core  
  54  6:34  Pylon  
  52  6:42  Zealot x2  
Show
View Real Time Build Order
Export as new Build Order

uThermal Terran - Winner!

Build Orders: 1/1/1, Liberator Opening 

Get SALT Encoding   

  12  0:03  SCV  
  13  0:15  SCV  
  13  0:18  Supply Depot  
  14  0:27  SCV  
  15  0:30  Refinery  
  15  0:40  SCV  
  16  0:48  Barracks  
  16  0:52  SCV  
  17  1:00  Refinery  
  17  1:04  SCV  
  18  1:16  SCV  
  19  1:35  Marine  
  19  1:37  Factory  
  19  1:38  Orbital Command  
  20  1:47  Supply Depot  
  20  1:54  Barracks Reactor  
  20  2:05  SCV  
  21  2:17  SCV  
  21  2:20  Factory Tech Lab  
  21  2:21  Starport  
  22  2:30  Marine x2  
  24  2:38  Supply Depot  
  24  2:40  Siege Tank  
  27  2:47  Marine x2  
  29  2:57  Medivac  
  31  3:05  Marine x2  
  33  3:15  Siege Tank  
  36  3:23  Supply Depot, Marine  
  38  3:27  Liberator  
  38  3:40  Marine  
  38  3:46  Bunker  
  41  3:53  Factory Tech Lab  
  40  3:57  SCV  
  40  3:58  Marine  
  42  4:12  Cyclone  
  42  4:15  SCV  
  42  4:16  Supply Depot  
  47  4:23  Liberator  
  47  4:27  Engineering Bay  
  47  4:37  Marine  
  51  4:48  Supply Depot  
  51  4:53  Siege Tank  
  55  5:04  Missile Turret  
  54  5:12  Missile Turret  
  53  5:30  Marine  
  53  5:31  SCV, Bunker  
  53  5:34  Liberator  
  55  5:37  Cyclone  
  58  5:58  Marine  
  59  6:09  Cyclone  
  63  6:16  Marine  
  62  6:26  Bunker  
  61  6:33  Supply Depot  
  61  6:42  Marine  
  61  6:58  Supply Depot  
  69  7:04  Supply Depot  
Tags
 
Add a new tag
Caveats
  • Supply blocks, unpowered buildings, or Contaminate may cause inaccurate times.
  • Supply counts are checked every 10 seconds.